 Dungeon Crawl Stone Soup version 0.30-a0-632-g346586f (webtiles) character file.

Game seed: 8289035287372173536

499 malesh the Sneak (level 7, 0/30 (32) HPs)
             Began as a Vine Stalker Enchanter on Jan 13, 2023.
             Was an Initiate of Dithmenos.
             Slain by a wight
             ... wielding a +3 morningstar of freezing
              (1 damage)
             ... on level 4 of the Dungeon.
             The game lasted 00:16:14 (4669 turns).

malesh the Sneak (Vine Stalker Enchanter)           Turns: 4669, Time: 00:16:14

HP:   0/30 (32)     AC:  2    Str: 10    XL:     7   Next: 16%
MP:   0/12          EV: 13    Int: 15    God:    Dithmenos [......]
Gold: 266           SH:  5    Dex: 17    Spells: 4/12 levels left

rFire   . . .      SeeInvis .    a - +1 dagger
rCold   . . .      Faith    .    (no shield)
rNeg    . . .      Spirit   +    b - +0 robe
rPois   .          Reflect  +    (no helmet)
rElec   .          Harm     .    (no cloak)
rCorr   .          Rampage  .    (no gloves)
Will    .....                    (no boots)
Stlth   +++                      f - amulet of reflection
HPRegen 1.05/turn                (no ring)
MPRegen 0.13/turn                (no ring)

@: drained
A: fangs 2, regeneration 1, magic shield, antimagic bite, no potion heal 2
a: Renounce Religion


You were on level 4 of the Dungeon.
You worshipped Dithmenos.
Dithmenos was noncommittal.
You visited 2 branches of the dungeon, and saw 5 of its levels.

You collected 266 gold pieces.

Inventory:

Hand Weapons
 a - a +1 dagger (weapon)
Missiles
 j - 10 poisoned darts (quivered)
 s - a throwing net
Armour
 b - a +0 robe (worn)
Jewellery
 f - an amulet of reflection (around neck)
Wands
 x - a wand of flame (13)
Scrolls
 d - a scroll of amnesia
 e - a scroll of blinking {unknown}
 g - a scroll of enchant armour {unknown}
 h - a scroll of vulnerability {unknown}
 k - 2 scrolls of fog
 m - a scroll of noise
 r - a scroll of enchant weapon {unknown}
 v - a scroll of summoning {unknown}
 w - a scroll of torment {unknown}
 y - a scroll of teleportation {unknown}
Potions
 c - 2 potions of invisibility
 i - 2 potions of flight
 l - a potion of degeneration {unknown}
 n - 3 potions of haste
 o - a potion of curing {unknown}
 p - a potion of magic {unknown}
 q - a potion of heal wounds {unknown}
 t - 3 potions of berserk rage {unknown}
 u - a potion of attraction {unknown}


   Skills:
 + Level 3.2 Short Blades
 + Level 2.8 Dodging
 + Level 5.2 Stealth
 - Level 3.0 Spellcasting
 * Level 5.0 Hexes
 - Level 1.0 Ice Magic


You had 4 spell levels left.
You knew the following spells:

 Your Spells              Type           Power      Damage    Failure   Level
a - Ensorcelled Hibernat  Hex/Ice        22%        N/A       9%          2
b - Confusing Touch       Hex            17%        N/A       8%          3
c - Tukima's Dance        Hex            17%        N/A       8%          3

Your spell library contained the following spells:

 Spells                   Type           Power      Damage    Failure   Level
 Apportation              Tloc           4%         N/A       21%         1
 Necrotise                Necr           8%         1d4       21%         1
 Summon Small Mammal      Summ           8%         N/A       21%         1
 Dazzling Flash           Conj/Hex       18%        N/A       22%         3
 Sublimation of Blood     Necr           2%         N/A       30%         2
 Petrify                  Tmut/Erth      2%         N/A       89%         4
 Irradiate                Conj/Tmut      1%         3d12      99%         5


Dungeon Overview and Level Annotations

Branches:
Dungeon (4/15)             Temple (1/1) D:4

Altars:
Ashenzari
Dithmenos
Elyvilon
Gozag
Hepliaklqana
Kikubaaqudgha
Nemelex Xobeh
Okawaru
Ru
Trog
Uskayaw
Vehumet
Xom
Yredelemnul
The Shining One
Lugonu

Shops:
D:2 (

Portals:
Abyss: D:3


Innate Abilities, Weirdness & Mutations

You have extremely sharp teeth.
Your natural rate of healing is unusually fast.
When hurt, damage is shared between your health and your magic reserves.
Your bite disrupts and absorbs the magic of your enemies.
Potions cannot restore your health.


Message History

Dithmenos accepts your kill.
Your Hexes skill increases to level 5!
Casting: Confusing Touch (quite dangerous; 8% risk of failure)
Confirm with . or Enter, or press ? or * to list all spells.
The spell is quite dangerous to miscast (8% risk of failure)!
Continue anyway?
Your hands begin to glow red.
The wight hits you with a +3 morningstar of freezing!
The wight freezes you.
You hit the wight but do no damage. Your bite misses the wight.
The wight closely misses you.
You barely miss the wight.
The wight hits you with a +3 morningstar of freezing!
You feel drained. The wight freezes you.
* * * LOW HITPOINT WARNING * * *
You closely miss the wight. The wight closely misses you.
You hit the wight but do no damage. The wight completely misses you.
You closely miss the wight. You bite the wight, but do no damage.
You hit the wight but do no damage. You bite the wight. You drain its power.
You feel invigorated.
The wight is lightly damaged.
The wight hits you with a +3 morningstar of freezing!
* * * LOW HITPOINT WARNING * * *
The wight freezes you.
* * * LOW HITPOINT WARNING * * *
You hit the wight but do no damage.
The wight appears confused.
The wight is lightly damaged.
The wight misses you.
The wight hits itself with a +3 morningstar of freezing!
You hit the wight but do no damage. You bite the wight. You drain its power.
You feel invigorated.
The wight is almost destroyed.
You hit the wight but do no damage. You bite the wight, but do no damage.
The wight is almost destroyed.
A necrophage comes into view.
You hit the wight but do no damage.
The wight is almost destroyed.
The wight hits you with a +3 morningstar of freezing!
* * * LOW HITPOINT WARNING * * *
The wight freezes you.
You die...

##...# ####..... #...>....
#.##..... #.###...# #.# #.### ###
############ #)# #.. #.#.#.#.#.#
#.# #.# #'#@#'#'#'#'####.# #.#
######n.z.........'...### #.#
#...##'#'#'#'#'#'####.#..
##.######.#.##.#.#.#_#.#.##8....#
..........#.## #############.....
####.######.# #...#.# ##.##. #.#
#.#######...#.#####.##. #.#
#...................##.
#.##############...#.########.


You could see a necrophage and a wight (confused).

Vanquished Creatures
  A necrophage (D:4)
  A scorpion (D:4)
  A wight (D:4)
  A human zombie (D:4)
  A scorpion zombie (D:4)
  3 mummies (D:4)
  7 gnolls
  7 adders
  An adder zombie (D:4)
  A worm (D:2)
  2 dart slugs
  5 orcs (D:4)
  8 bats
  9 endoplasms
  A giant cockroach (D:3)
  4 goblins
  8 hobgoblins
  3 jackals (D:4)
  8 kobolds
  4 quokkas
  8 ball pythons
  2 frilled lizards (D:3)
  4 rats
  A lurking horror (D:3)
91 creatures vanquished.

Notes
Turn   | Place    | Note
-------+----------+-------------------------------------------
     0 | D:1      | malesh the Vine Stalker Enchanter began the quest for the
                  | Orb.
     0 | D:1      | Reached XP level 1. HP: 9/9 MP: 4/4
    66 | D:1      | Reached skill level 1 in Short Blades
   148 | D:1      | Reached XP level 2. HP: 4/13 MP: 3/6
   237 | D:1      | Learned a level 2 spell: Ensorcelled Hibernation
   961 | D:2      | Found Kearichu's Weapon Shoppe.
   964 | D:2      | Reached XP level 3. HP: 16/16 MP: 7/7
  1376 | D:1      | Learned a level 3 spell: Confusing Touch
  1552 | D:2      | Found a shimmering altar of Xom.
  1611 | D:2      | Gained mutation: Your natural rate of healing is unusually
                  | fast. [Vine Stalker growth]
  1611 | D:2      | Reached XP level 4. HP: 21/21 MP: 3/8
  1842 | D:2      | Learned a level 3 spell: Tukima's Dance
  2192 | D:2      | Reached XP level 5. HP: 24/24 MP: 7/10
  3105 | D:3      | Found a one-way gate to the infinite horrors of the Abyss.
  3105 | D:3      | Found a corrupted altar of Lugonu.
  3453 | D:4      | Found a staircase to the Ecumenical Temple.
  3459 | Temple   | Entered the Ecumenical Temple
  3640 | D:4      | Found a shadowy altar of Dithmenos.
  3651 | D:4      | Became a worshipper of Dithmenos the Shadowed
  3813 | D:4      | Reached XP level 6. HP: 19/28 MP: 0/11
  3918 | D:4      | Reached skill level 1 in Ice Magic
  4565 | D:4      | Reached skill level 5 in Stealth
  4599 | D:4      | Found a basalt altar of Yredelemnul.
  4609 | D:4      | Reached XP level 7. HP: 24/32 MP: 6/12
  4659 | D:4      | Reached skill level 5 in Hexes
  4669 | D:4      | HP: 1/30 [wight/+3 morningstar of freezing (4)]
  4669 | D:4      | Slain by a wight

Illustrated notes

Levels and vault maps discovered:
D:1:      elethiomel_arrival_infinity_welcomes_careful_drivers,
          layout_loops_ring
D:2:      layout_basic, basic_altar, serial_shops, nicolae_shop_trees,
          minmay_crystal_room
D:3:      layout_basic, st_stairs_1, amcnicky_altar_lugonu_corruption
D:4:      layout_loops_ring, lemuel_mausoleum_altar_yredelemnul,
          grunt_dithmenos_smoke_and_mirrors, minmay_temple_entry_grid
Temple:   dshaligram_water_room_temple

Skill      XL: |  1  2  3  4  5  6  7 |
---------------+----------------------+-----
Short Blades   | 1 2 3 |  3.2
Stealth        | 4 5 |  5.2
Dodging        | 2 |  2.8
Hexes          | 4 5 |  5.0
Spellcasting   | 3 |  3.0
Ice Magic      | 1 |  1.0

Action                   |  1- 3 |  4- 6 |  7- 9 || total
-------------------------+-------+-------+-------++-------
Melee: Dagger            |    75 |   145 |    11 ||   231
       Bite              |    16 |    30 |     4 ||    50
       Punch             |     1 |     4 |       ||     5
 Cast: Ensorcelled Hiber |    18 |    47 |       ||    65
       Confusing Touch   |       |     8 |     1 ||     9
  Use: Scroll            |       |     4 |       ||     4
 Stab: Sleeping          |    19 |    35 |     1 ||    55
       Distracted        |     1 |     1 |       ||     2
       Confused          |       |     8 |       ||     8
Armor: Robe              |     4 |    11 |       ||    15
Dodge: Dodged            |    37 |    62 |     4 ||   103
Block: Other             |     6 |    20 |       ||    26

Table legend: (Time is in decaauts)
 A = Elapsed time spent in this place.
 B = Non-inter-level travel time spent in this place.
 C = Inter-level travel time spent in this place.
 D = Time resting spent in this place.
 E = Time spent auto-exploring this place.
 F = Levels seen in this place.
 G = Mean time per level.
                   A        B        C        D        E       F      G
               +--------+--------+--------+--------+--------+-----+--------+
         Total |   4649 |   4547 |    102 |    465 |   3123 |   5 |  929.8 |
       Dungeon |   4524 |   4440 |     84 |    465 |   3027 |   4 | 1131.0 |
        Temple |    124 |    106 |     18 |      0 |     96 |   1 |  124.0 |
               +--------+--------+--------+--------+--------+-----+--------+

Top non-repeatable levels by time:
     D:1: 1201 daAuts
     D:3: 1157 daAuts
     D:2: 1087 daAuts
     D:4: 1078 daAuts
  Temple: 124 daAuts
